 Dungeon Crawl Stone Soup version 0.30.0-5-g1a98f26d00 (webtiles) character file.

Game seed: 2449586548476801545

5542 Cheops the Grappler (level 10, 0/77 HPs)
             Began as a Ghoul Monk on May 8, 2023.
             Was an Elder of Wu Jian.
             Slain by an orc warrior
             ... wielding a +0 glaive
              (15 damage)
             ... on level 9 of the Dungeon.
             The game lasted 00:17:32 (8371 turns).

Cheops the Grappler (Ghoul Monk)                    Turns: 8371, Time: 00:17:33

Health: 0/77       AC: 13    Str: 20    XL:     10   Next: 71%
Magic:  9/9        EV:  9    Int:  5    God:    Wu Jian [****..]
Gold:   454        SH:  0    Dex: 11    Spells: 9/9 levels left

rFire   . .          .
                       - Unarmed
rCold   + . .        c - orb {light}
rNeg    + + +        B - +3 chain mail
rPois   ∞            (no helmet)
rElec   .            p - scarf {repulsion}
rCorr   .            (no gloves)
SInv    .            (no boots)
Will    +....        y - amulet of magic regeneration Stlth
                     k - ring of willpower
HPRegen 0.00/turn    o - ring of flight
MPRegen 0.51/turn

%: repel missiles
@: exhausted, flying, inhibited regen, glowing
A: claws 1, cold resistance 1, negative energy resistance 3, inhibited
regeneration, torment resistance 2, devour on kill
a: Renounce Religion, Wall Jump, Serpent's Lash


You were on level 9 of the Dungeon.
You worshipped Wu Jian.
Wu Jian was greatly pleased with you.
You visited 2 branches of the dungeon, and saw 10 of its levels.

You collected 454 gold pieces.

Inventory:

Armour
 c - an orb of light (worn)
 p - a scarf of repulsion (worn)
 w - the +1 ring mail of Beogh's Pride {rElec rC+ Dex-2}
   (You found it on level 4 of the Dungeon)

   Dex:       It affects your dexterity (-2).
   rC:        It protects you from cold.
   rElec:     It insulates you from electricity.
 B - a +3 chain mail (worn)
Jewellery
 k - a ring of willpower (left claw)
 o - a ring of flight (right claw)
 y - an amulet of magic regeneration (around neck)
 C - a ring of ice
Wands
 l - a wand of charming (13)
 v - a wand of acid (17)
Scrolls
 a - 8 scrolls of teleportation {unknown}
 j - 3 scrolls of vulnerability {unknown}
 m - 2 scrolls of blinking {unknown}
 q - a scroll of acquirement {unknown}
 r - a scroll of magic mapping {unknown}
 s - 2 scrolls of fog {unknown}
 t - 2 scrolls of noise {unknown}
 u - 4 scrolls of enchant weapon {unknown}
 A - a scroll of immolation {unknown}
Potions
 b - 2 potions of ambrosia
 d - 2 potions of might
 e - a potion of brilliance
 f - a potion of attraction
 g - 4 potions of heal wounds
 i - a potion of cancellation
 n - a potion of magic
 x - a potion of curing
 z - a potion of invisibility
 D - a potion of haste
Miscellaneous
 h - a condenser vane


   Skills:
 - Level 3.2 Fighting
 + Level 6.1 Armour
 - Level 5.0 Dodging
 * Level 14.4 Unarmed Combat
 - Level 2.0 Evocations


You had 9 spell levels left.
You didn't know any spells.
Your spell library contained the following spells:

 Spells                   Type           Power      Damage    Failure   Level
 Freeze                   Ice            0%         1d3       98%         1
 Cigotuvi's Dreadful Rot  Necr/Pois/Air  0%         N/A       99%         2
 Ensorcelled Hibernation  Hex/Ice        0%         N/A       99%         2
 Dazzling Flash           Conj/Hex       0%         N/A       100%        3
 Frozen Ramparts          Ice            0%         1d1       100%        3
 Hailstorm                Conj/Ice       0%         3d3       100%        3
 Ozocubu's Armour         Ice            0%         N/A       100%        3
 Summon Guardian Golem    Hex/Summ       0%         N/A       100%        3
 Volatile Blastmotes      Fire/Tloc      0%         2d10      100%        3
 Anguish                  Hex/Necr       0%         N/A       100%        4
 Dispel Undead            Necr           0%         3d6       100%        4
 Iskenderun's Mystic Bla  Conj/Tloc      0%         2d3       100%        4
 Petrify                  Tmut/Erth      0%         N/A       100%        4
 Irradiate                Conj/Tmut      0%         3d11      100%        5
 Death Channel            Necr           0%         N/A       100%        6
 Starburst                Conj/Fire      0%         6d3       100%        6
 Orb of Destruction       Conj           0%         9d5       100%        7
 Ozocubu's Refrigeration  Ice            0%         4d7       100%        7
 Spellforged Servitor     Conj/Summ      0%         N/A       100%        7
 Sublimation of Blood     Necr           Unusable   N/A       N/A         2
 Spider Form              Tmut/Pois      Unusable   N/A       N/A         3

Dungeon Overview and Level Annotations

Branches:
Dungeon (9/15)             Temple (1/1) D:4             Orc (0/2) D:9
   Lair: D:8-11

Altars:
Ashenzari
Cheibriados
Dithmenos
Fedhas
Hepliaklqana
Kikubaaqudgha
Nemelex Xobeh
Okawaru
Qazlal
Ru
Sif Muna
Trog
Uskayaw
Vehumet
Wu Jian
Xom
Yredelemnul


Innate Abilities, Weirdness & Mutations

You are immune to poison.
You have sharp fingernails.
Your flesh is cold resistant. (rC+)
You are immune to negative energy. (rN+++)
You do not regenerate when monsters are visible.
You are immune to unholy pain and torment.
You thrive by killing the living.


Message History

The orc warrior is severely wounded.
You repeatedly attack the orc wizard from above.
You barely miss the orc wizard. You closely miss the orc wizard.
The orc wizard barely misses you.
The orc wizard hits you but does no damage.
The orc warrior hits you with a +0 scimitar.
The orc warrior misses you.
The orc wizard hits you but does no damage.
The orc warrior barely misses you. The orc wizard casts a spell at you.
The magic dart hits you but does no damage.
The orc hits you but does no damage.
The orc warrior hits you with a +0 scimitar!
* * * LOW HITPOINT WARNING * * *
Unknown command.
Unknown command.
You spin and attack the orc.
You barely miss the orc. The orc hits you but does no damage.
There is an open door here.
Unknown command.
Aiming: Wall Jump
Press: ? - help, Dir - move target You repeatedly attack the orc wizard from above.
You claw the orc wizard!
The orc wizard is severely wounded.
You completely miss the orc wizard.
The orc wizard is severely wounded.
You completely miss the orc wizard.
The orc wizard is severely wounded.
You repeatedly attack the orc from above.
You mangle the orc!!
You kill the orc!
The Council accepts your kill.
You repeatedly attack the orc warrior from above.
You claw the orc warrior!
You kill the orc warrior!
The Council accepts your kill.
The orc wizard hits you but does no damage.
The orc warrior hits you from afar with a +0 glaive!
You die...

########+#####
.............#
....$.......(#
..........$..#
#.....>......+
#............#
#.....).)oo°○#
#.......))o@○#
#.......o)o○○#
#########'####
##.# ####..#
#....## #.##
#.#### ..#
###.#####
########.###
#.......#
#..........#


You could see an orc warrior, 2 orc wizards and 2 orcs.

Vanquished Creatures
  A two-headed ogre (D:8)
  Pikel (D:7)
  The ghost of olmar the Covered, a novice AtFi of Gozag (D:6)
  Sigmund (D:5)
  A wyvern (D:8)
  2 water moccasins
  2 ice beasts
  5 orc warriors
  3 centaurs
  3 phantoms (D:5)
  3 lemures (D:7)
  A kobold brigand (D:6)
  5 bullfrogs
  A gnoll sergeant (D:8)
  3 scorpions (D:6)
  7 wights (D:8)
  10 killer bees (D:8)
  2 howler monkeys (D:7)
  A jelly (D:8)
  4 orc priests
  7 hounds
  An iguana (D:7)
  Jessica (D:3)
  Terence (D:2)
  5 orc wizards
  Natasha (twice) (D:3)
  17 gnolls
  9 adders
  2 shadow imps
  A white imp (D:6)
  An ufetubus (D:6)
  5 worms
  2 dart slugs
  28 orcs
  7 endoplasms
  3 giant cockroaches
  10 goblins
  6 hobgoblins
  10 jackals
  A quokka (D:1)
  9 ball pythons
  3 bats
  A frilled lizard (D:2)
  12 kobolds
  8 rats
209 creatures vanquished.

Notes
Turn   | Place    | Note
-------+----------+-------------------------------------------
     0 | D:1      | Cheops the Ghoul Monk began the quest for the Orb.
     0 | D:1      | Reached XP level 1. HP: 19/19 MP: 0/0
    39 | D:1      | Reached XP level 2. HP: 23/26 MP: 1/1
    65 | D:1      | Reached skill level 4 in Unarmed Combat
   382 | D:1      | Reached XP level 3. HP: 23/31 MP: 2/2
   663 | D:2      | Reached skill level 5 in Unarmed Combat
   836 | D:2      | Reached XP level 4. HP: 29/38 MP: 3/3
  1437 | D:3      | Noticed Terence
  1455 | D:2      | Reached skill level 6 in Unarmed Combat
  1571 | D:2      | Killed Terence
  1572 | D:2      | Reached XP level 5. HP: 32/45 MP: 4/4
  2043 | D:3      | Reached skill level 7 in Unarmed Combat
  2080 | D:3      | Noticed Jessica
  2103 | D:3      | Killed Jessica
  2104 | D:3      | Reached XP level 6. HP: 51/51 MP: 5/5
  2589 | D:3      | Noticed Natasha
  2598 | D:3      | Killed Natasha
  2702 | D:3      | You are sucked into a shaft and drop 3 floors!
  2746 | D:5      | Entered Level 5 of the Dungeon
  2788 | D:5      | Reached skill level 8 in Unarmed Combat
  2867 | D:3      | Noticed Natasha
  2877 | D:3      | Killed Natasha
  3099 | D:4      | Reached XP level 7. HP: 42/57 MP: 6/6
  3226 | D:4      | Identified the +1 ring mail of Beogh's Pride {rElec rC+
                  | Dex-2}
  3227 | D:4      | Found a staircase to the Ecumenical Temple.
  3266 | Temple   | Entered the Ecumenical Temple
  3364 | Temple   | Became a worshipper of the Wu Jian Council
  3364 | Temple   | Reached * piety under Wu Jian
  3364 | Temple   | Reached ** piety under Wu Jian
  3524 | D:4      | Found a bloodstained altar of Trog.
  4006 | D:5      | Reached skill level 9 in Unarmed Combat
  4082 | D:5      | Found a shadowy altar of Dithmenos.
  4127 | D:5      | Reached XP level 8. HP: 63/63 MP: 7/7
  4192 | D:5      | Noticed Sigmund
  4198 | D:5      | Killed Sigmund
  4776 | D:6      | Reached skill level 1 in Evocations
  4842 | D:6      | Reached skill level 10 in Unarmed Combat
  4912 | D:6      | Reached skill level 5 in Dodging
  4984 | D:6      | Reached skill level 1 in Armour
  5126 | D:6      | Reached XP level 9. HP: 58/70 MP: 8/8
  5299 | D:6      | Reached *** piety under Wu Jian
  5300 | D:6      | Reached skill level 11 in Unarmed Combat
  5561 | D:6      | Found a runed translucent door.
  5577 | D:6      | Found a runed translucent door.
  5577 | D:6      | Noticed olmar's ghost (novice AtFi)
  6027 | D:6      | Killed olmar's ghost
  6028 | D:6      | Reached skill level 12 in Unarmed Combat
  6538 | D:7      | Noticed Pikel
  6563 | D:7      | Killed Pikel
  6798 | D:7      | Reached XP level 10. HP: 77/77 MP: 9/9
  7142 | D:8      | Reached skill level 13 in Unarmed Combat
  7223 | D:8      | Reached skill level 5 in Armour
  7666 | D:8      | Noticed a two-headed ogre
  7673 | D:8      | Killed a two-headed ogre
  7674 | D:8      | Reached skill level 14 in Unarmed Combat
  7782 | D:8      | Reached **** piety under Wu Jian
  8360 | D:9      | Found a staircase to the Orcish Mines.
  8371 | D:9      | Slain by an orc warrior

Illustrated notes

Levels and vault maps discovered:
D:1:      ebering_trefoil_3fold, layout_rooms
D:2:      layout_loops_ring
D:3:      layout_basic, uniq_terence, uniq_natasha, uniq_jessica
D:4:      layout_basic, old_standard_altar, minmay_temple_entry_mist
D:5:      layout_basic, lemuel_round_altar, uniq_sigmund
D:6:      layout_basic, ebering_ghost_sewer_f
D:7:      layout_basic, minmay_misc_feat_ornament, uniq_pikel
D:8:      layout_loops_ring, hangedman_decor_opposing, eino_jars
D:9:      layout_roguey, good_gods_mini_temple, orc_david_3
Temple:   nicolae_temple_superstar

Skill      XL: |  1  2  3  4  5  6  7  8  9 10 |
---------------+-------------------------------+-----
Unarmed Combat | 4 5 6 7 8 9 10 12 14 | 14.4
Dodging        | 3 4 5 |  5.0
Evocations     | 2 |  2.0
Armour         | 1 4 6 |  6.1
Fighting       | |  3.2

Action                     |  1- 3 |  4- 6 |  7- 9 | 10-12 || total
---------------------------+-------+-------+-------+-------++-------
  Melee: Unarmed           |    85 |   150 |   221 |   146 ||   602
 Invoke: Serpent's Lash    |       |       |       |     1 ||     1
Ability: Lunge             |       |       |    20 |    13 ||    33
         Wall Jump         |       |       |     2 |     4 ||     6
         Whirlwind         |       |       |     2 |     3 ||     5
  Evoke: Wand              |       |       |       |     3 ||     3
    Use: Scroll            |       |     5 |     4 |     2 ||    11
         Potion            |       |       |     2 |       ||     2
 Armour: Robe              |    10 |     6 |       |       ||    16
         Scale mail        |       |    27 |     7 |       ||    34
         Chain mail        |       |       |    51 |    42 ||    93
  Dodge: Dodged            |    55 |    68 |    82 |    51 ||   256
